 Dungeon Crawl Stone Soup version 0.31-a0-208-gdb31a4691d (webtiles) character file.

Game seed: 11455038696959032437

109 zazu2006 the Magician (level 4, -6/38 HPs)
             Began as a Gnoll Wanderer on June 28, 2023.
             Mangled by an iguana (9 damage)
             ... on level 5 of the Dungeon.
             The game lasted 00:05:13 (1770 turns).

zazu2006 the Magician (Gnoll Wanderer)              Turns: 1770, Time: 00:05:14

Health: -6/38      AC:  9    Str: 17 (18) XL:     4   Next: 90%
Magic:  3/11       EV:  8    Int: 11 (13) God:
Gold:   118        SH:  5    Dex:  9 (11) Spells: 12/13 levels left

rFire   . . .        o - staff of conjuration
rCold   . . .        b - +1 buckler
rNeg    . . .        d - +0 chain mail
rPois   .            (no helmet)
rElec   .            (no cloak)
rCorr   .            (no gloves)
SInv    .            (no boots)
Will    .....        (no amulet) Stlth
                     e - +6 ring of strength
HPRegen 0.26/turn    (no ring)
MPRegen 0.12/turn

%: no passive effects
@: weak-willed, very slightly contaminated
A: fangs 1, strong nose, distributed training
a: no special abilities


You were on level 5 of the Dungeon.
You visited 1 branch of the dungeon, and saw 4 of its levels.

You collected 118 gold pieces.

Inventory:

Hand Weapons
 a - a +0 club
Missiles
 n - 7 poisoned darts
Armour
 b - a +1 buckler (worn)
 d - a +0 chain mail (worn)
Magical Staves
 o - a staff of conjuration (weapon)
Jewellery
 e - a +6 ring of strength (left hand)
Wands
 j - a wand of acid (12)
 q - a wand of digging (5)
Scrolls
 g - a scroll of brand weapon
 k - a scroll of poison


   Skills:
 + Level 4.7 Fighting
 + Level 1.3 Short Blades
 + Level 1.3 Long Blades
 + Level 1.3 Axes
 + Level 1.3 Maces & Flails
 + Level 1.3 Polearms
 + Level 1.3 Staves
 + Level 1.3 Ranged Weapons
 + Level 1.3 Throwing
 + Level 4.7 Armour
 + Level 2.9 Dodging
 + Level 2.7 Stealth
 + Level 2.9 Shields
 + Level 1.3 Unarmed Combat
 + Level 5.1 Spellcasting
 + Level 1.1 Conjurations
 + Level 1.1 Hexes
 + Level 1.1 Summonings
 + Level 1.1 Necromancy
 + Level 1.1 Translocations
 + Level 1.1 Transmutations
 + Level 1.1 Fire Magic
 + Level 1.1 Ice Magic
 + Level 1.1 Air Magic
 + Level 2.3 Earth Magic
 + Level 1.1 Poison Magic
 + Level 1.5 Invocations
 + Level 1.3 Evocations


You had 12 spell levels left.
You knew the following spells:

 Your Spells              Type           Power      Damage    Failure   Level
a - Sandblast             Erth           16%        2d6       71%         1

Your spell library contained the following spells:

 Spells                   Type           Power      Damage    Failure   Level
 Summon Small Mammal      Summ           20%        N/A       86%         1
 Stone Arrow              Conj/Erth      18%        3d8       98%         3
 Call Canine Familiar     Summ           5%         N/A       99%         3
 Summon Guardian Golem    Hex/Summ       5%         N/A       99%         3


Dungeon Overview and Level Annotations

Branches:
Dungeon (3/15)

Altars:


Innate Abilities, Weirdness & Mutations

You have very sharp teeth.
Your uncanny sense of smell can sniff out nearby items.
Your experience applies equally to all skills.


Message History

As you read the scroll labelled SYS SUSIPSE, it dissolves into smoke.
It was a scroll of fog.
The iguana barely misses you. The iguana attacks as you move away!
You block the iguana's attack.
You aren't carrying any potions.
Unknown command.
Really read the scroll of poison?
There's no open space to fill with poison.
Unknown command.
You hit the orc wizard.
The orc wizard is moderately wounded.
The iguana bites you but does no damage.
The orc wizard hits you but does no damage.
You barely miss the orc wizard.
The orc wizard is moderately wounded.
The orc wizard casts a spell at you. The magic dart hits you.
The iguana bites you!
Unknown command.
Unknown command.
You barely miss the iguana. You bite the iguana.
The iguana is lightly wounded.
The orc wizard casts a spell.
The orc wizard flickers and vanishes!
Deactivating autopickup; reactivate with Ctrl-A.
The iguana bites you.
* * * LOW HITPOINT WARNING * * *
Unknown command.
Casting: Sandblast (safe; 71% risk of failure)
Confirm with . or Enter, or press ? or * to list all spells.
Aiming: Sandblast (safe; 71% risk of failure)
Press: ? - help, Shift-Dir - straight line, f/p - iguana
Aim: an iguana (blue smoke, lightly wounded, weak-willed, 83% to hit)
The blast of sand hits the iguana!
The iguana is heavily wounded.
Something hits you but does no damage. The iguana closely misses you.
You hear some strange, mumbled words.
A magic dart appears from out of thin air!
The magic dart hits you.
* * * LOW HITPOINT WARNING * * *
The iguana bites you!
You die...

### #.# #§######.
#§§§..... #l# #@#
##### #{# .....
#§################
#.o...............
#..................
.....##.####...####..#
##......# #...# #..#
#.#.#..# #...####.##
#.#..... +...'..#.##


You could see an iguana (weak-willed).

Vanquished Creatures
  A hound (D:5)
  An orc wizard (D:5)
  2 ufetubi (D:5)
  A dart slug (D:1)
  3 orcs (D:5)
  2 giant cockroaches (D:2)
  2 hobgoblins
  6 kobolds
  3 quokkas
  A ball python (D:2)
  2 bats (D:2)
  2 frilled lizards (D:2)
  5 goblins
  3 rats (D:2)
34 creatures vanquished.

Vanquished Creatures (others)
  An orc wizard (D:5)
1 creature vanquished.

Grand Total: 35 creatures vanquished

Notes
Turn   | Place    | Note
-------+----------+-------------------------------------------
     0 | D:1      | zazu2006 the Gnoll Wanderer began the quest for the Orb.
     0 | D:1      | zazu2006 set off with the following items: a +0 club, a +0
                  | buckler, a potion of lignification, a +0 chain mail; and
                  | the following spell memorised: Sandblast; and the following
                  | spells available to memorise: Stone Arrow.
     0 | D:1      | Reached XP level 1. HP: 20/20 MP: 6/6
   248 | D:1      | Found a faded altar of an unknown god.
   640 | D:2      | Reached XP level 2. HP: 26/26 MP: 7/7
  1108 | D:2      | Reached skill level 5 in Spellcasting
  1108 | D:2      | Reached XP level 3. HP: 31/31 MP: 4/9
  1554 | D:3      | You fall into a shaft and drop 2 floors!
  1554 | D:5      | Entered Level 5 of the Dungeon
  1580 | D:5      | Reached skill level 1 in Short Blades
  1580 | D:5      | Reached skill level 1 in Long Blades
  1580 | D:5      | Reached skill level 1 in Axes
  1580 | D:5      | Reached skill level 1 in Maces & Flails
  1580 | D:5      | Reached skill level 1 in Polearms
  1580 | D:5      | Reached skill level 1 in Staves
  1580 | D:5      | Reached skill level 1 in Ranged Weapons
  1580 | D:5      | Reached skill level 1 in Throwing
  1580 | D:5      | Reached skill level 1 in Unarmed Combat
  1580 | D:5      | Reached skill level 1 in Invocations
  1580 | D:5      | Reached skill level 1 in Evocations
  1580 | D:5      | Reached XP level 4. HP: 37/38 MP: 6/11
  1688 | D:5      | Reached skill level 1 in Conjurations
  1688 | D:5      | Reached skill level 1 in Hexes
  1688 | D:5      | Reached skill level 1 in Summonings
  1688 | D:5      | Reached skill level 1 in Necromancy
  1688 | D:5      | Reached skill level 1 in Translocations
  1688 | D:5      | Reached skill level 1 in Transmutations
  1688 | D:5      | Reached skill level 1 in Fire Magic
  1688 | D:5      | Reached skill level 1 in Ice Magic
  1688 | D:5      | Reached skill level 1 in Air Magic
  1688 | D:5      | Reached skill level 1 in Poison Magic
  1770 | D:5      | Mangled by an iguana

Illustrated notes

Levels and vault maps discovered:
D:1:      minmay_arrival_stone_box, layout_basic,
          chequers_ecumenical_altar_simple_redux
D:2:      layout_basic, minmay_pentomino_o4
D:3:      layout_loops_ring, serial_shops, shop, uniq_pargi, uniq_terence
D:5:      layout_basic, lemuel_tele_altar

Skill      XL: |  1  2  3  4 |
---------------+-------------+-----
Earth Magic    | 2 |  2.3
Spellcasting   | 5 |  5.1
Short Blades   | 1 |  1.3
Long Blades    | 1 |  1.3
Axes           | 1 |  1.3
Maces & Flails | 1 |  1.3
Polearms       | 1 |  1.3
Staves         | 1 |  1.3
Ranged Weapons | 1 |  1.3
Throwing       | 1 |  1.3
Unarmed Combat | 1 |  1.3
Invocations    | 1 |  1.5
Evocations     | 1 |  1.3
Conjurations   | 1 |  1.1
Hexes          | 1 |  1.1
Summonings     | 1 |  1.1
Necromancy     | 1 |  1.1
Translocations | 1 |  1.1
Transmutations | 1 |  1.1
Fire Magic     | 1 |  1.1
Ice Magic      | 1 |  1.1
Air Magic      | 1 |  1.1
Poison Magic   | 1 |  1.1
Fighting       | |  4.7
Armour         | |  4.7
Dodging        | |  2.9
Stealth        | |  2.7
Shields        | |  2.9

Action                     |  1- 3 |  4- 6 || total
---------------------------+-------+-------++-------
  Melee: Club              |   107 |       ||   107
         Bite              |    11 |     3 ||    14
         Staff             |    20 |    29 ||    49
   Cast: Sandblast         |     8 |    14 ||    22
    Use: Scroll            |       |     8 ||     8
         Potion            |       |     3 ||     3
 Armour: Chain mail        |    94 |    22 ||   116
         Skin              |       |    13 ||    13
  Dodge: Dodged            |    45 |     9 ||    54
  Block: Buckler           |    27 |    10 ||    37

Table legend: (Time is in decaauts)
 A = Elapsed time spent in this place.
 B = Non-inter-level travel time spent in this place.
 C = Inter-level travel time spent in this place.
 D = Time resting spent in this place.
 E = Time spent auto-exploring this place.
 F = Levels seen in this place.
 G = Mean time per level.
                   A        B        C        D        E       F      G
               +--------+--------+--------+--------+--------+-----+--------+
         Total |   1823 |   1777 |     46 |      0 |   1330 |   4 |  455.8 |
       Dungeon |   1823 |   1777 |     46 |      0 |   1330 |   4 |  455.8 |
               +--------+--------+--------+--------+--------+-----+--------+

Top non-repeatable levels by time:
     D:2: 773 daAuts
     D:1: 641 daAuts
     D:5: 230 daAuts
     D:3: 178 daAuts
